 Dungeon Crawl Stone Soup version 0.26-a0-200-g62faa89a7e (webtiles) character file.

Game seed: 7413346868193806077

39 Conn the Magician (level 3, -3/21 HPs)
             Began as an Octopode Hedge Wizard on July 5, 2020.
             Slain by a white imp (4 damage)
             ... on level 2 of the Dungeon.
             The game lasted 00:04:19 (2077 turns).

Conn the Magician (Octopode Hedge Wizard)           Turns: 2077, Time: 00:04:20

Health: -3/21      AC:  1    Str:  9    XL:     3   Next: 45%
Magic:  8/8        EV: 13    Int: 17    God:
Gold:   67         SH:  5    Dex: 11    Spells: 1/9 levels left

rFire    . . .     SeeInvis .   d - +1 dagger (venom)
rCold    . . .     Faith    .   (no shield)
rNeg     . . .     Spirit   .   a - +0 hat
rPois    .         Reflect  +   e - amulet of reflection
rElec    .         Harm     .   (no ring)
rCorr    .                      (no ring)
MR       .....                  (no ring)
Stlth    +++.......             (no ring)
HPRegen  0.07/turn              (no ring)
MPRegen  0.11/turn              (no ring)
                                (no ring)
                                (no ring)

@: mighty
A: almost no armour, stealthy swim, amphibious, 8 rings, constrict 8, camouflage
1, gelatinous body 1
a: no special abilities


You were on level 2 of the Dungeon.
You were hungry.

You visited 1 branch of the dungeon, and saw 2 of its levels.

You collected 67 gold pieces.

Inventory:

Hand Weapons
 d - a +1 dagger of venom (weapon)
Missiles
 f - 27 sling bullets
 j - 22 poisoned darts (quivered)
Armour
 a - a +0 hat (worn)
Jewellery
 e - an amulet of reflection (around mantle)
Scrolls
 b - a scroll of identify {unknown}
 g - a scroll of random uselessness {unknown}
 h - a scroll of remove curse {unknown}
Comestibles
 c - 2 rations


   Skills:
 + Level 2.2 Dodging
 + Level 3.2 Stealth
 * Level 3.7 Spellcasting
 * Level 1.4 Conjurations
 + Level 1.0 Summonings
 + Level 1.0 Translocations


You had one spell level left.
You knew the following spells:

 Your Spells              Type           Power        Failure   Level  Hunger
a - Magic Dart            Conj           #...         9%          1    None
b - Blink                 Tloc           N/A          16%         2    ##.....
c - Call Imp              Summ           #.......     16%         2    ##.....
d - Conjure Flame         Conj/Fire      #.......     34%         3    ###....

Your spell library contained the following spells:

 Spells                   Type           Power        Failure   Level  Hunger
 Slow                     Hex            #.......     24%         2    ##.....
 Mephitic Cloud           Conj/Pois/Air  #.......     36%         3    ###....


Dungeon Overview and Level Annotations

Branches:
Dungeon (2/15)

Altars:
Qazlal


Innate Abilities, Weirdness & Mutations

You cannot wear most types of armour.
You are very stealthy in the water. (Stealth+)
You are amphibious.
You can wear up to eight rings at the same time.
You can use your tentacles to constrict eight enemies at once.
Your skin changes colour to match your surroundings (Stealth+).
Your rubbery body absorbs attacks. (AC +1, EV +1)


Message History

You climb downwards.
The white imp summons a swarm of flies.
There is a stone staircase leading up here.
The white imp hits you. The white imp freezes you.
You hit the white imp but do no damage. You grab the white imp.
You constrict the white imp, but do no damage.
You are feeling hungry.
The white imp gestures at you. The puff of frost hits you!
Ouch! That really hurt!
* * * LOW HITPOINT WARNING * * *
Okay, then.
Unknown command.
Unknown command.
It was a potion of might.
You feel very mighty all of a sudden.
You constrict the white imp. The white imp hits you.
* * * LOW HITPOINT WARNING * * *
The white imp freezes you.
You die...

.........5.5hh...#
################5#
#5# #.# #.# #.#
#.# ####.# #<@5.#
######


You could see a white imp.

Vanquished Creatures
  An ooze (D:1)
  A dart slug (D:1)
  2 leopard geckos (D:1)
  7 bats (D:1)
  A giant cockroach (D:1)
  3 goblins (D:1)
  A hobgoblin (D:1)
  2 jackals (D:1)
  4 frilled lizards (D:1)
  A kobold (D:1)
  A rat (D:1)
24 creatures vanquished.

Vanquished Creatures (collateral kills)
  An ooze (D:1)
  A dart slug (D:1)
  2 kobolds (D:1)
4 creatures vanquished.

Grand Total: 28 creatures vanquished

Notes
Turn   | Place    | Note
-------+----------+-------------------------------------------
     0 | D:1      | Conn the Octopode Hedge Wizard began the quest for the Orb.
     0 | D:1      | Reached XP level 1. HP: 11/11 MP: 4/4
   347 | D:1      | Reached XP level 2. HP: 17/17 MP: 3/6
   354 | D:1      | Learned a level 2 spell: Blink
   357 | D:1      | Learned a level 2 spell: Call Imp
  1223 | D:1      | Reached XP level 3. HP: 21/21 MP: 8/8
  1761 | D:2      | Learned a level 3 spell: Conjure Flame
  1780 | D:2      | Found a stormy altar of Qazlal.
  2077 | D:2      | HP: 1/21 [white imp (4)]
  2077 | D:2      | Slain by a white imp

Illustrated notes

Levels and vault maps discovered:
D:1:      dpeg_arrival_three_same_balls, layout_basic,
          minmay_misc_feat_four_crosses, grunt_decor_cap,
          wander_ebering_terrifying_dragon_lair
D:2:      layout_basic, nicolae_qazlal_general_emergency,
          chequers_temple_overflow_statue_of_worship, first_ration

Skill      XL: |  1  2 |
---------------+-------+-----
Stealth        | 3 |  3.2
Dodging        | |  2.2
Spellcasting   | |  3.7
Conjurations   | |  1.4
Summonings     | |  1.0
Translocations | |  1.0

Action                   || total
-------------------------++-------
Melee: Unarmed           ||     9
       Tentacles         ||     3
       Constrict         ||     3
       Dagger            ||     2
       Short sword       ||     2
 Cast: Magic Dart        ||    53
       Call Imp          ||     3
  Use: Potion            ||     1
 Stab: Sleeping          ||     3
  Eat: Chunk             ||     3
Armor: Skin              ||     2
Dodge: Dodged            ||    23
Block: Other             ||    10
       Reflection        ||     2

Table legend:
 A = Non-vault XP
 B = Vault XP
 C = Vault XP percentage of total XP
 D = Non-vault monster count
 E = Vault monster count
 F = Vault count percentage of total count
                 A         B        C        D         E       F
            +---------+---------+-------+---------+---------+-------
      Total |      55 |       1 |   1.8 |      27 |       1 |   3.6
            +---------+---------+-------+---------+---------+-------
        D:1 |      55 |       1 |   1.8 |      27 |       1 |   3.6
            +---------+---------+-------+---------+---------+-------
